Map: Frost LE

Players

blackxored

  • Race: Zerg Zerg
  • League: Platinum

Qartet - Winner!

  • Race: Zerg Zerg
  • League: Diamond

VOD

Have the link to the VOD?

Description

Time

  • Played on: June 25, 2016, 4:04 p.m.
  • Length: 15:11
Show
View Real Time Build Order
Export as new Build Order

blackxored Zerg 

Build Orders: Hatch First, Zergling Baneling 

Get SALT Encoding   

  12  0:01  Drone  
  13  0:08  Drone  
  14  0:18  Overlord  
  14  0:23  Extractor  
  14  0:24  Drone  
  15  0:37  Drone x2  
  17  0:53  Hatchery  
  17  0:56  Drone  
  17  0:58  Drone  
  18  1:11  Extractor  
  17  1:14  Spawning Pool  
  17  1:17  Drone  
  17  1:20  Drone  
  18  1:27  Drone  
  19  1:38  Overlord  
  19  1:49  Drone  
  20  2:01  Queen  
  20  2:07  Zergling x4  
  20  2:08  Queen, Spine Crawler  
  26  2:13  Metabolic Boost  
  25  2:22  Zergling x6  
  28  2:43  Drone x4  
  32  2:49  Baneling Nest  
  31  2:54  Drone x2  
  33  3:10  Hatchery  
  32  3:15  Zergling x2  
  32  3:16  Zergling x2  
  34  3:27  Overlord  
  34  3:29  Overlord  
  34  3:34  Baneling x3  
  34  3:39  Roach Warren  
  34  3:40  Zergling x6  
  36  3:42  Baneling  
  36  3:43  Baneling  
  36  3:54  Baneling x3  
  36  4:16  Baneling x2  
  36  4:17  Baneling  
  33  4:31  Zergling x20  
  40  4:38  Drone  
  43  4:48  Drone x2  
  45  4:55  Drone  
  45  4:57  Hatchery  
  45  4:59  Queen  
  47  5:03  Baneling  
  47  5:06  Lair  
  47  5:07  Drone  
  47  5:08  Drone x4  
  52  5:19  Overlord  
  52  5:26  Extractor, Drone  
  52  5:27  Extractor  
  51  5:40  Roach x4  
  59  5:53  Drone  
  59  6:13  Glial Reconstitution  
  59  6:14  Drone  
  59  6:15  Drone x4  
  59  6:17  Drone  
  65  6:21  Overlord  
  65  6:22  Overlord x2  
  65  6:39  Queen  
  65  6:42  Drone x4  
  65  6:43  Roach  
  65  6:44  Roach x4  
  65  6:46  Roach  
  82  6:47  Zergling x2  
  82  6:51  Overseer  
  83  7:03  Roach x3  
  83  7:05  Roach  
  89  7:10  Extractor  
  89  7:15  Queen  
  88  7:19  Overlord x4  
  85  7:38  Roach x2  
  85  7:39  Roach x7  
  103  7:52  Spore Crawler  
  102  8:04  Spore Crawler  
  100  8:08  Roach  
  100  8:09  Roach x5  
  112  8:13  Spore Crawler  
  112  8:16  Spore Crawler  
  112  8:18  Spore Crawler  
  109  8:24  Roach  
  109  8:25  Roach  
  99  8:55  Roach  
  87  8:56  Roach  
  73  9:09  Hydralisk Den  
  65  9:12  Drone x13  
  65  9:13  Queen x2  
  65  9:14  Queen  
  68  9:37  Roach x5  
  68  9:38  Roach x2  
  82  9:39  Muscular Augments  
  82  9:43  Overseer  
  82  9:58  Overlord x2  
  82  10:00  Overlord  
  82  10:01  Overlord x3  
  82  10:02  Nydus Network  
  81  10:16  Queen  
  77  10:27  Hydralisk x3  
  71  10:42  Hydralisk x2, Spore Crawler  
  65  10:57  Hydralisk x2, Spore Crawler  
  64  11:08  Hydralisk  
  66  11:25  Queen x2  
  66  11:30  Hatchery  
  69  11:40  Evolution Chamber  
  69  11:42  Roach x3  
  69  11:43  Roach x6, Hatchery  
  86  11:59  Hydralisk x2  
  89  12:14  Roach x5  
  97  12:30  Queen x2  
  97  12:32  Hydralisk x2  
  103  12:48  Queen  
  103  12:50  Drone x4  
  103  12:51  Drone x8  
  117  12:58  Infestation Pit  
  117  13:00  Drone  
  117  13:05  Queen  
  117  13:07  Roach, Hatchery  
  119  13:14  Drone x4  
  119  13:16  Overlord  
  120  14:03  Spine Crawler  
  120  14:04  Drone x7, Spine Crawler  
  120  14:05  Drone x4  
  120  14:06  Spine Crawler  
  120  14:07  Extractor  
  120  14:09  Extractor  
  126  14:18  Spine Crawler  
  101  14:33  Hydralisk x5, Hatchery  
Show
View Real Time Build Order
Export as new Build Order

Qartet Zerg - Winner!

Build Orders: Hatch First, Zergling Baneling 

Get SALT Encoding   

  12  0:03  Drone  
  13  0:13  Overlord  
  13  0:18  Drone  
  14  0:32  Drone x2  
  16  0:36  Drone  
  17  0:53  Hatchery  
  16  1:08  Spawning Pool  
  15  1:12  Extractor, Drone  
  15  1:16  Drone  
  16  1:20  Drone  
  17  1:26  Drone  
  18  1:34  Drone  
  19  1:54  Queen  
  19  1:58  Drone  
  19  2:00  Overlord  
  22  2:05  Queen  
  22  2:06  Zergling x2  
  25  2:11  Zergling x2  
  25  2:13  Metabolic Boost  
  26  2:18  Zergling x2  
  26  2:21  Zergling x2  
  28  2:28  Zergling x2  
  29  2:30  Zergling x2  
  29  2:34  Baneling Nest  
  29  2:40  Zergling x4  
  31  2:49  Drone  
  33  2:51  Zergling x2  
  33  3:02  Zergling x2  
  33  3:04  Overlord  
  34  3:06  Zergling x4  
  36  3:25  Drone  
  36  3:26  Drone x5  
  42  3:32  Drone  
  43  3:36  Overlord  
  43  3:37  Drone  
  44  3:44  Baneling x4  
  44  3:48  Baneling  
  44  4:15  Hatchery  
  39  4:18  Zergling x4  
  39  4:19  Zergling x2  
  39  4:35  Zergling x10  
  43  4:39  Baneling x3  
  43  4:40  Baneling x2  
  43  4:43  Drone  
  43  4:45  Drone  
  45  4:47  Lair  
  45  4:50  Extractor  
  45  4:51  Extractor  
  43  4:54  Zergling x2  
  44  5:00  Baneling x2  
  44  5:06  Drone  
  44  5:07  Drone x2  
  47  5:08  Drone x2  
  47  5:13  Extractor  
  47  5:14  Drone  
  49  5:20  Overlord  
  48  5:37  Drone x3  
  50  5:44  Drone x4  
  54  6:01  Extractor x2, Queen  
  54  6:02  Drone x3, Spine Crawler  
  54  6:03  Drone x2  
  54  6:04  Drone  
  59  6:06  Zergling x6  
  59  6:07  Overlord x2  
  62  6:12  Spire  
  60  6:29  Drone x2  
  60  6:30  Drone x3  
  60  6:31  Zergling x4  
  67  6:50  Drone x3  
  67  6:51  Drone x4  
  67  6:52  Overlord x2  
  67  6:53  Overlord  
  72  7:23  Mutalisk x8  
  88  7:32  Mutalisk  
  88  7:33  Mutalisk x2  
  93  7:45  Zerg Flyer Weapons Level 1  
  93  7:48  Mutalisk x2  
  97  7:52  Hatchery  
  97  7:53  Mutalisk  
  97  8:10  Mutalisk x2  
  101  8:21  Baneling  
  101  8:22  Baneling x8  
  101  8:24  Baneling  
  101  8:32  Baneling x4  
  96  8:43  Mutalisk  
  96  8:47  Zergling x20  
  105  8:51  Queen  
  95  8:55  Drone  
  95  8:56  Drone x2  
  75  9:18  Drone x7  
  73  9:28  Queen, Drone x2  
  76  9:31  Queen  
  76  9:33  Drone x2  
  76  9:34  Drone  
  76  9:38  Drone x3  
  84  9:42  Baneling x4  
  84  9:59  Drone x2, Spine Crawler  
  86  10:00  Drone x3  
  84  10:31  Zergling x26  
  84  10:32  Zergling x2  
  91  10:50  Zergling x2  
  91  10:51  Zergling x8  
  96  11:14  Drone x8  
  96  11:18  Centrifical Hooks  
  104  11:20  Baneling  
  104  11:21  Baneling x20  
  104  11:31  Baneling x2  
  104  11:32  Baneling x6  
  104  11:42  Drone x6  
  110  11:57  Mutalisk  
  110  11:59  Overlord x2  
  112  12:32  Mutalisk  
  112  12:33  Mutalisk x7  
  112  12:36  Zerg Flyer Weapons Level 2  
  128  12:39  Overlord x2  
  128  12:59  Mutalisk  
  128  13:00  Mutalisk x7  
  128  13:02  Overlord x4  
  140  13:22  Mutalisk x7  
  150  13:30  Mutalisk  
  150  13:32  Zergling x2  
  150  13:33  Zergling x6  
  156  13:36  Drone x4  
  156  13:37  Overlord  
  159  13:54  Zergling x10  
  159  13:55  Zergling x2  
  165  14:01  Baneling x6  
  165  14:08  Drone x6  
  156  14:38  Mutalisk x2  
  156  14:39  Mutalisk  
Tags
 
Add a new tag
Caveats
  • Supply blocks, unpowered buildings, or Contaminate may cause inaccurate times.
  • Supply counts are checked every 10 seconds.